 Dungeon Crawl Stone Soup version 0.18-a0-1577-gf591c28 (webtiles) character file.

62 namename2 the Purveyor of Pain (level 4, 0/35 HPs)
             Began as a Ghoul Necromancer on Mar 21, 2016.
             Was an Initiate of Kikubaaqudgha.
             Slain by an orc wizard
             ... wielding a cursed +0 dagger
              (2 damage)
             ... on level 3 of the Dungeon.
             The game lasted 00:15:35 (1351 turns).

namename2 the Purveyor of Pain (Ghoul Necromancer)  Turns: 1351, Time: 00:15:35

Health: 0/35       AC:  2    Str: 11    XL:     4   Next: 8%
Magic:  2/5        EV:  7    Int: 11    God:    Kikubaaqudgha [......]
Gold:   116        SH:  0    Dex:  9    Spells: 2 memorised, 4 levels left

rFire  . . .     SeeInvis .     k - +0 short sword
rCold  + . .     Gourm    .     a - +0 robe
rNeg   + + +     Faith    .     (no shield)
rPois  ∞         Spirit   .     (no helmet)
rElec  .         Dismiss  .     (no cloak)
rCorr  .         Reflect  .     (no gloves)
SustAt .         Harm     .     (no boots)
MR     .....                    h - amulet of regeneration
Stlth  ++........               (no ring)
                                (no ring)

@: rotting, not resistant to hostile enchantments, unstealthy
A: rotting body, claws 1, carnivore 3, cold resistance 1, negative energy
resistance 3, slow regeneration 1, torment resistance, unbreathing
a: Renounce Religion


You were on level 3 of the Dungeon.
You worshipped Kikubaaqudgha.
Kikubaaqudgha was noncommittal.
You were not hungry.

You visited 1 branch of the dungeon, and saw 3 of its levels.

You collected 116 gold pieces.

Inventory:

Hand Weapons
 k - a +0 short sword (weapon)
Missiles
 f - 66 stones (quivered)
 s - 5 javelins
Armour
 a - a +0 robe (worn)
Jewellery
 h - an amulet of regeneration (around neck)
Scrolls
 d - a scroll of fear {unknown}
 g - a scroll of random uselessness {unknown}
 j - a scroll of enchant armour {unknown}
 l - 2 scrolls of remove curse {unknown}
 n - 2 scrolls of identify {unknown}
 q - a scroll of noise {unknown}
 r - a scroll of teleportation {unknown}
Potions
 e - a potion of mutation {unknown}
 i - 2 potions of curing {unknown}
 o - 3 potions of agility {unknown}
 p - a potion of ambrosia {unknown}
Books
 b - a book of Necromancy

   Spells                             Type                      Level
   a - Pain                           Necromancy                   1
   b - Animate Skeleton               Necromancy                   1
   c - Vampiric Draining              Necromancy                   3
   d - Regeneration                   Charms/Necromancy            3
   e - Animate Dead                   Necromancy                   4
   f - Control Undead                 Necromancy                   4
Comestibles
 c - a meat ration
 m - a beef jerky
 t - 2 chunks of flesh


   Skills:
 - Level 1.2 Fighting
 - Level 1.7 Dodging
 - Level 2.1 Stealth
 - Level 1.7 Spellcasting
 + Level 5.3 Necromancy


You had 4 spell levels left.
You knew the following spells:

 Your Spells              Type           Power        Failure   Level  Hunger
a - Pain                  Necr           ##..         3%          1    ##.....
b - Animate Skeleton      Necr           N/A          3%          1    ##.....


Dungeon Overview and Level Annotations

Branches:
Dungeon (3/15)

Altars:
Ashenzari
Fedhas
Kikubaaqudgha
Trog
The Shining One


Innate Abilities, Weirdness & Mutations

Your body is rotting away.
You thrive on raw meat.
You are immune to poison.
You have sharp fingernails.
You are carnivorous and can eat meat at any time.
Your flesh is cold resistant.
You are immune to negative energy.
You regenerate slowly when monsters are visible.
You are immune to unholy pain and torment.
You can survive without breathing.


Message History

The orc hits you with a dagger.
You are confused.
There is a stone staircase leading up here.
The orc hits you with a dagger. The orc barely misses you.
In your confused state, you trip and fall back down the stairs.
The orc hits you but does no damage. The orc misses you.
The orc closely misses you. The orc barely misses you. x2
In your confused state, you trip and fall back down the stairs.
* * * LOW HITPOINT WARNING * * *
The orc barely misses you. The orc closely misses you.
The orc hits you with a club.
* * * LOW HITPOINT WARNING * * *
Something hits you.
* * * LOW HITPOINT WARNING * * *
You feel less confused. The orc barely misses you.
The orc hits you but does no damage. Something hits you.
You die...
Kikubaaqudgha rasps: "You have failed me!
Welcome... oblivion!"

.##...######
....#......##
...#........##
.............#
.............# #
.............#.#
...............#
.......†.o)...##.
.###....@ow....(.
#.....{o(..._.
#..............
#..........._..
#........%...%[
#..........#._.
#...$......#...
##......Z.## #.


You could see a worm, 3 orcs and a friendly quokka skeleton (confused).

Vanquished Creatures
  An adder (D:2)
  An ooze (D:2)
  A worm (D:2)
  A dart slug (D:2)
  4 giant geckos
  3 bats
  2 giant cockroaches (D:1)
  3 goblins
  6 hobgoblins
  A jackal (D:3)
  A quokka (D:3)
  A giant newt (D:1)
  6 kobolds
  2 rats
33 creatures vanquished.

Vanquished Creatures (collateral kills)
  An ooze (D:2)
  A worm (D:2)
2 creatures vanquished.

Grand Total: 35 creatures vanquished

Notes
Turn   | Place    | Note
--------------------------------------------------------------
     0 | D:1      | namename2 the Ghoul Necromancer began the quest for the Orb.
     0 | D:1      | Reached XP level 1. HP: 14/14 MP: 2/2
     6 | D:1      | Noticed an anaconda
     6 | D:1      | Noticed a hog
     7 | D:1      | Noticed a komodo dragon
     7 | D:1      | Noticed a wyvern
    46 | D:1      | Learned a level 1 spell: Animate Skeleton
    70 | D:1      | Reached skill level 1 in Fighting
   196 | D:1      | Reached XP level 2. HP: 23/23 MP: 1/3
   741 | D:2      | Found an ancient bone altar of Kikubaaqudgha.
   752 | D:2      | Became a worshipper of Kikubaaqudgha
   811 | D:2      | Reached XP level 3. HP: 21/28 MP: 1/4
  1003 | D:2      | Reached skill level 5 in Necromancy
  1151 | D:2      | Found a blossoming altar of Fedhas.
  1288 | D:3      | Reached XP level 4. HP: 35/35 MP: 5/5
  1308 | D:3      | Found a bloodstained altar of Trog.
  1308 | D:3      | Found a shattered altar of Ashenzari.
  1308 | D:3      | Found a glowing golden altar of the Shining One.
  1350 | D:3      | HP: 1/35 [something (6)]
  1351 | D:3      | Slain by an orc wizard

Vault maps used:
D:1:      onia_arrival_zoo_common, hangedman_decor_riveting
D:2:      kiku_gazebo_pond_becter, fedhas_altar_1
D:3:      grunt_temple_overflow_open

Skill      XL: |  1  2  3 |
---------------+----------+-----
Fighting       | 1 |  1.2
Necromancy     | 5 |  5.3
Dodging        | |  1.7
Stealth        | |  2.1
Spellcasting   | |  1.7

Action                   |  1- 3 |  4- 6 || total
-------------------------+-------+-------++-------
Melee: Dagger            |    21 |       ||    21
       Short sword       |    46 |    18 ||    64
Throw: Stone             |    54 |       ||    54
       Javelin           |     6 |       ||     6
 Cast: Pain              |    25 |     6 ||    31
       Animate Skeleton  |     6 |     1 ||     7
 Stab: Distracted        |     1 |       ||     1
       Sleeping          |     1 |       ||     1
  Eat: Chunk             |     7 |     3 ||    10
